cohdb
Replays
Latest Replays
All Replays
Popular Replays
Top Player Replays
Match Explorer
How It Works
Community
CoH3 Stats
Reddit
Sign in to upload your games and track your stats! →
Sign in with Steam
Match 46468696
Unlisted
Match 46468696
Overview
Messages
Build Orders
End
Construct Weapon Support Center
Scout Squad
M1919 Machine Gun Team
Scout Squad
Engineer Squad
M1919 Machine Gun Team
Infantry Support Center
Bazooka Squad
Construct Medical Station
Bazooka Squad
Advanced Logistics
Bazooka Squad
Construct Motor Pool
M1 Anti-tank Gun Team
Selects Armored Battlegroup
Selects Veteran Crews
Selects Fast Deploy
M24 Chaffee Light Tank
M1919 Machine Gun Team
M8 Greyhound Armored Car
M1919 Machine Gun Team
M1 Anti-tank Gun Team
Survival Training
Construct Barracks
Riflemen Squad
M1918 Browning Automatic Rifles
Riflemen Squad
Grenade Package
Construct Tank Depot
Riflemen Squad
Engineer Squad
Selects Seek and Destroy
Selects UNKNOWN (2160077)
Selects M31 Recovery Vehicle
Selects War Machine
M4A3E8 Sherman Easy Eight
M4A3E8 Sherman Easy Eight
M4A3E8 Sherman Easy Eight
Iceman
coniunctivus
0
0
Comments
sign in to comment!
No comments posted yet!